 Dungeon Crawl Stone Soup version 0.27.1-35-g4d5d836560 (console) character file.

Game seed: 17932392080598171701

2054287 grimtooth the End of an Era (level 27, 148/244 (245) HPs)
             Began as a Hill Orc Gladiator on Apr 6, 2022.
             Was the Champion of Qazlal.
             Escaped with the Orb
             ... and 4 runes on Apr 19, 2022!
             The game lasted 10:06:41 (95788 turns).

grimtooth the End of an Era (Hill Orc Gladiator)   Turns: 95788, Time: 10:06:41

HP:   148/244 (245) AC: 47    Str: 21 (22) XL:     27
MP:   28/28         EV:  9    Int: 18      God:    Qazlal [******]
Gold: 4757          SH: 29    Dex: 13      Spells: 21/26 levels left

rFire    + + +     SeeInvis +   a - +9 broad axe (freeze)
rCold    + + +     Faith    .   i - +5 kite shield of Xafral {Dex+3 Stlth+}
rNeg     . . .     Spirit   .   E - +8 gold dragon scales
rPois    +         Reflect  .   l - +2 helmet {SInv}
rElec    .         Harm     .   v - +2 cloak {rCorr}
rCorr    +         Rampage  .   B - +3 pair of gauntlets of War {Slay+5}
Will     ++...                  u - +2 pair of boots
Stlth    ..........             c - amulet of Upom {RegenMP Fly rF+ rC++ rCorr}
HPRegen  0.50/turn              w - +4 ring of slaying
MPRegen  0.46/turn              V - ring "Ijophonauf" {rF+ Int+6 Slay+2}

@: flying, lightly drained, repel missiles
A: clumsy 1, deterioration 1, frail 1, low mp 3, weak 2, subdued magic 1
0: Orb of Zot
}: 4/15 runes: decaying, slimy, silver, gossamer
a: Renounce Religion, Upheaval, Elemental Force, Disaster Area


You escaped.
You worshipped Qazlal.
Qazlal was exalted by your worship.
You visited 12 branches of the dungeon, and saw 58 of its levels.
You visited the Abyss 1 time.
You also visited: Sewer, Bailey and Ice Cave.

You collected 11628 gold pieces.
You spent 6871 gold pieces at shops.

Inventory:

Hand Weapons
 a - a +9 broad axe of freezing (weapon)
 b - a +6 fustibalus of freezing
 f - the +11 hand axe of Sadid {vamp, rC+ MP+9}
   (You found it on level 1 of the Vaults)

   It occasionally heals its wielder for a portion of the damage dealt when it
   wounds a living foe.
   rC:        It protects you from cold.
   MP:        It affects your magic capacity (+9).
Missiles
 d - 9 throwing nets {=f}
 A - 4 boomerangs of dispersal
 G - 10 curare-tipped darts
 K - 18 boomerangs (quivered)
 O - 5 silver javelins
 Y - 117 sling bullets
Armour
 e - a +4 kite shield of reflection
 i - the +5 kite shield of Xafral (worn) {Dex+3 Stlth+}
   (You found it on level 4 of the Depths)

   Dex:       It affects your dexterity (+3).
   Stlth:     It makes you more stealthy.
 l - a +2 helmet of see invisible (worn)
 u - a +2 pair of boots (worn)
 v - a +2 cloak of preservation (worn)
 B - the +3 pair of gauntlets of War (worn) {Slay+5}
   (You acquired it on level 13 of the Dungeon)

   Slay:      It affects your accuracy & damage with ranged weapons and melee
   (+5).
 E - +8 gold dragon scales (worn)
Jewellery
 c - the amulet of Upom (around neck) {RegenMP Fly rF+ rC++ rCorr}
   (You bought it in a shop on level 6 of the Dungeon)

   [amulet of magic regeneration]

   It increases your rate of magic regeneration.
   rF:        It protects you from fire.
   rC:        It greatly protects you from cold.
   Fly:       It grants you flight.
   rCorr:     It protects you from acid and corrosion.
 g - a ring of willpower
 m - the ring "Ylaheuhabe" {+Blink rPois rN+ Int+4 Slay-6}
   (You found it on level 1 of the Elven Halls)

   [ring of poison resistance]

   Int:       It affects your intelligence (+4).
   Slay:      It affects your accuracy & damage with ranged weapons and melee
   (-6).
   rPois:     It protects you from poison.
   rN:        It protects you from negative energy.
   +Blink:    It lets you blink.
 w - a +4 ring of slaying (left hand)
 V - the ring "Ijophonauf" (right hand) {rF+ Int+6 Slay+2}
   (You found it on level 11 of the Dungeon)

   [ring of intelligence]

   Int:       It affects your intelligence (+6).
   Slay:      It affects your accuracy & damage with ranged weapons and melee
   (+2).
   rF:        It protects you from fire.
Wands
 s - a wand of acid (25)
 z - a wand of charming (18)
 D - a wand of polymorph (66)
 I - a wand of iceblast (47)
 P - a wand of mindburst (49)
 Q - a wand of digging (8)
 T - a wand of paralysis (19)
Scrolls
 h - 19 scrolls of teleportation
 o - 8 scrolls of fog
 y - 5 scrolls of summoning
 L - 7 scrolls of fear
 M - 5 scrolls of blinking
 S - 4 scrolls of holy word
 U - 4 scrolls of silence
Potions
 k - 9 potions of lignification
 n - 15 potions of curing
 p - 9 potions of ambrosia
 r - 5 potions of haste
 x - a potion of resistance
 C - 3 potions of magic
 H - a potion of heal wounds
 N - 2 potions of might
 W - 7 potions of cancellation
 Z - 3 potions of invisibility
Miscellaneous
 j - a condenser vane
 t - a piece from Xom's chessboard (15/15)
 F - a tin of tremorstones (1/2)
 J - a phantom mirror
 R - a box of beasts
 X - a lightning rod (4/4)


   Skills:
 O Level 27 Fighting
 O Level 27 Axes
 - Level 12.8(14.9) Slings
 - Level 13.0(15.0) Throwing
 - Level 20.0 Armour
 + Level 12.6 Dodging
 - Level 20.0 Shields
 - Level 12.0 Hexes
 O Level 27 Invocations
 - Level 18.0 Evocations


You had 21 spell levels left.
You knew the following spells:

 Your Spells              Type           Power      Damage    Failure   Level
b - Slow                  Hex            33%        N/A       4%          2
z - Confusing Touch       Hex            33%        N/A       9%          3

Your spell library contained the following spells:

 Spells                   Type           Power      Damage    Failure   Level
 Corona                   Hex            36%        N/A       2%          1
 Cause Fear               Hex            16%        N/A       32%         4
 Dazzling Flash           Conj/Hex       32%        N/A       75%         3
 Inner Flame              Hex/Fire       16%        N/A       75%         3
 Portal Projectile        Hex/Tloc       32%        N/A       75%         3
 Summon Guardian Golem    Hex/Summ       16%        N/A       75%         3
 Animate Skeleton         Necr           0%         N/A       99%         1
 Apportation              Tloc           0%         N/A       99%         1
 Foxfire                  Conj/Fire      0%         2x1d4     99%         1
 Freeze                   Ice            0%         1d3       99%         1
 Magic Dart               Conj           0%         1d3       99%         1
 Pain                     Necr           0%         1d4       99%         1
 Sandblast                Erth           0%         2d4       99%         1
 Sting                    Tmut/Pois      0%         1d3       99%         1
 Fulminant Prism          Conj/Hex       8%         3d7       99%         4
 Invisibility             Hex            16%        N/A       99%         6
 Corpse Rot               Necr/Air       N/A        N/A       100%        2
 Passwall                 Tmut/Erth      0%         N/A       100%        2
 Poisonous Vapours        Pois/Air       0%         N/A       100%        2
 Searing Ray              Conj           0%         3d3       100%        2
 Static Discharge         Conj/Air       0%         N/A       100%        2
 Sublimation of Blood     Necr           0%         N/A       100%        2
 Wereblood                Tmut           0%         N/A       100%        2
 Conjure Flame            Conj/Fire      0%         6-21      100%        3
 Frozen Ramparts          Ice            0%         1d2       100%        3
 Gell's Gravitas          Tloc           0%         N/A       100%        3
 Ignite Poison            Fire/Tmut/Pois 0%         N/A       100%        3
 Lesser Beckoning         Tloc           0%         N/A       100%        3
 Mephitic Cloud           Conj/Pois/Air  0%         N/A       100%        3
 Ozocubu's Armour         Ice            0%         N/A       100%        3
 Stone Arrow              Conj/Erth      0%         3d7       100%        3
 Teleport Other           Tloc           0%         N/A       100%        3
 Vampiric Draining        Necr           0%         2d6       100%        3
 Animate Armour           Summ/Erth      0%         N/A       100%        4
 Animate Dead             Necr           0%         N/A       100%        4
 Dispel Undead            Necr           0%         3d6       100%        4
 Hailstorm                Conj/Ice       0%         3d3       100%        4
 Ice Form                 Ice/Tmut       0%         N/A       100%        4
 Iskenderun's Mystic Bla  Conj/Tloc      0%         2d3       100%        4
 Olgreb's Toxic Radiance  Pois           0%         N/A       100%        4
 Sticky Flame             Conj/Fire      0%         2d3       100%        4
 Summon Ice Beast         Ice/Summ       0%         N/A       100%        4
 Summon Lightning Spire   Summ/Air       0%         N/A       100%        4
 Agony                    Necr           0%         N/A       100%        5
 Alistair's Intoxication  Tmut/Pois      0%         N/A       100%        5
 Blade Hands              Tmut           0%         N/A       100%        5
 Bolt of Magma            Conj/Fire/Erth 0%         4d4       100%        5
 Excruciating Wounds      Necr           0%         N/A       100%        5
 Fireball                 Conj/Fire      0%         3d3       100%        5
 Freezing Cloud           Conj/Ice/Air   0%         6-21      100%        5
 Irradiate                Conj/Tmut      0%         3d13      100%        5
 Lee's Rapid Deconstruct  Erth           0%         3d5*      100%        5
 Lightning Bolt           Conj/Air       0%         1d11      100%        5
 Metabolic Englaciation   Hex/Ice        8%         N/A       100%        5
 Summon Forest            Summ/Tloc      0%         N/A       100%        5
 Summon Mana Viper        Hex/Summ       16%        N/A       100%        5
 Death Channel            Necr           0%         N/A       100%        6
 Dispersal                Tloc           0%         N/A       100%        6
 Eringya's Noxious Bog    Tmut/Pois      0%         N/A       100%        6
 Iron Shot                Conj/Erth      0%         9d1       100%        6
 Simulacrum               Ice/Necr       0%         N/A       100%        6
 Starburst                Conj/Fire      0%         6d3       100%        6
 Dragon Form              Tmut           0%         N/A       100%        7
 Orb of Destruction       Conj           0%         N/A       100%        7
 Spellforged Servitor     Conj/Summ      0%         N/A       100%        7
 Storm Form               Tmut/Air       0%         N/A       100%        7
 Summon Hydra             Summ           0%         N/A       100%        7
 Borgnjor's Revivificati  Necr           0%         N/A       100%        8
 Discord                  Hex            16%        N/A       100%        8
 Disjunction              Tloc           0%         N/A       100%        8
 Ignition                 Fire           0%         3d3       100%        8
 Infestation              Necr           0%         N/A       100%        8
 Maxwell's Capacitive Co  Air            0%         ∞         100%        8
 Chain Lightning          Conj/Air       0%         N/A       100%        9
 Death's Door             Necr           0%         N/A       100%        9
 Fire Storm               Conj/Fire      0%         5d1       100%        9
 Polar Vortex             Ice            0%         N/A       100%        9
 Shatter                  Erth           0%         3d5*      100%        9


Dungeon Overview and Level Annotations

Branches:
Dungeon (15/15)            Temple (1/1) D:4            Lair (6/6) D:9
  Swamp (4/4) Lair:2       Spider (4/4) Lair:3        Slime (5/5) Lair:6
    Orc (2/2) D:11            Elf (3/3) Orc:2        Vaults (5/5) D:13
  Crypt (3/3) Vaults:2       Tomb (0/3) Crypt:3      Depths (5/5) D:15
    Zot (5/5) Depths:5      Sewer (visited)          Bailey (visited)
  IceCv (visited)

Altars:
Ashenzari
Dithmenos
Elyvilon
Fedhas
Gozag
Kikubaaqudgha
Okawaru
Qazlal
Ru
Uskayaw
Wu Jian
Xom
Yredelemnul
Zin
The Shining One
Beogh

Shops:
D:4 *   D:6 =   D:11 (   D:15 [[   Orc:1 :   Orc:2 [!*:   Elf:1 (:(=   Elf:2 *
Elf:3 [   Vaults:4 :   Vaults:5 (   Depths:1 ?:==

Portals:
Hell: Depths:1 Depths:2 Depths:3 Depths:4 Depths:5
Abyss: Depths:2 Depths:4
Pandemonium: Depths:3 Depths:4
Ziggurat: Depths:4

Annotations:
Vaults:4 3 runed translucent doors, grimtooth's ghost, veteran TeCj
Crypt:2 6 runed translucent doors, Houmnergh's ghost, master GnTm
Zot:4 1 runed translucent door, Alunk's ghost, legendary GnFi


Innate Abilities, Weirdness & Mutations

You are clumsy. (Dex -2)
Your body sometimes deteriorates upon taking damage.
You are frail. (-10% HP)
Your magical capacity is extremely low. (-30% MP)
You are very weak. (Str -4)
Your spells are a little easier to cast, but a little less powerful.


Message History

(N) Spider Nest (M) Slime Pits (O) Orcish Mines (E) Elven Halls (V) Vaults (C) Crypt (W) Tomb (U) Depths (H) Hell (Z) Zot
Where to? (Enter - D:4, ? - help)
You feel less protected from physical attacks.
There is a stone staircase leading up, spattered with blood here.
You fly upwards.
There is a stone staircase leading down here.
(D) Dungeon (T) Temple (L) Lair (S) Swamp (N) Spider Nest (M) Slime Pits (O) Orcish Mines (E) Elven Halls (V) Vaults (C) Crypt (W) Tomb (U) Depths (H) Hell (Z) Zot
Where to? (Enter - D:2, ? - help)
A rust devil comes into view.
You feel much better.
You feel better.
Aiming: Iceblast
Press: ? - help, Shift-Dir - straight line, f - rust devil
Aim: a rust devil The mass of ice explodes!
The iceblast engulfs the rust devil.
The rust devil partially resists.
The rust devil is lightly wounded.
You slice the rust devil!! You freeze the rust devil.
The rust devil is almost dead.
You closely miss the rust devil.
The rust devil is almost dead.
You block the rust devil's attack.
You slice the rust devil!! You freeze the rust devil.
You kill the rust devil!
Qazlal accepts your kill.
(D) Dungeon (T) Temple (L) Lair (S) Swamp (N) Spider Nest (M) Slime Pits (O) Orcish Mines (E) Elven Halls (V) Vaults (C) Crypt (W) Tomb (U) Depths (H) Hell (Z) Zot
Where to? (Enter - D:1, ? - help)
There is a stone staircase leading up here.
You fly upwards.
There is a stone staircase leading down here.
There is a staircase leading out of the dungeon here.
You have escaped!

########### #....#
.........>#################....#
###.####.......................#
...............................#
....##..........##..........####
................##.............#
.........##............##.)....#
.##......##............##......#
.##....)[.......☼○.............#
.##............☼°.°............#
.##...##........@.........##...#
.##...##......§..○........##...##
.##.............°°...............
.##............................##
.##......##............##......#
###......##............##......##
#.###.........##...............
###.# #........)##..........##...
....###.....................##...
.##...##################.........
...............#### #.#.......


There were no monsters in sight!

Vanquished Creatures
  the Royal Jelly (Slime:5)
  2 dread liches
  3 ancient liches
  6 orbs of fire
  Mennas (Vaults:5)
  Mara (Vaults:5)
  A juggernaut (Depths:5)
  Boris (Depths:4)
  Bai Suzhen (Elf:3)
  5 Killer Klowns (Zot:5)
  Margery (Vaults:5)
  Frederick (Depths:3)
  the Lernaean hydra (Swamp:4)
  Xtahua (Vaults:4)
  2 curse toes (Zot:2)
  A caustic shrike (Depths:4)
  Nikola (Depths:1)
  18 golden dragons
  2 bone dragons
  4 electric golems
  A Brimstone Fiend (Depths:1)
  Jorgrun (Spider:2)
  26 tentacled monstrosities
  28 Orb Guardians
  A Hell Sentinel (D:5)
  An Ice Fiend (D:13)
  5 liches
  11 quicksilver dragons
  2 deep elf blademasters (Elf:3)
  7 titans
  22 acid blobs
  2 deep elf master archers (Elf:3)
  13 death cobs
  9 sphinxes
  An ancient champion (Crypt:1)
  Frances (D:13)
  9 shadow dragons
  Agnes (Spider:1)
  9 draconian monks
  A thorn hunter (Swamp:3)
  12 azure jellies
  8 tengu reavers
  A revenant (Crypt:2)
  5 storm dragons
  A fenstrider witch (Swamp:3)
  Kirke (D:15)
  Donald (Spider:2)
  13 rockslimes
  17 fire giants
  2 ghost moths (shapeshifter) (Vaults:5)
  10 ghost moths
  A corrupter (D:14)
  5 draconian knights
  5 iron dragons
  7 draconian scorchers
  14 frost giants
  5 orc warlords
  5 emperor scorpions
  Louise (Elf:3)
  9 deep elf sorcerers
  Aizul (Vaults:2)
  3 balrugs
  20 vault wardens
  A curse skull (Crypt:1)
  25 very ugly things
  A cacodemon (Abyss:3)
  22 stone giants
  A caustic shrike skeleton (Depths:1)
  6 ghouls
  4 draconian stormcallers
  25 ironbound preservers
  A deep elf elementalist (Depths:4)
  4 spriggan defenders
  A blood saint (D:14)
  7 green draconians
  15 quicksilver oozes
  7 draconian shifters
  8 war gargoyles
  8 draconian annihilators
  9 vampire knights
  9 purple draconians
  Nessos (Lair:4)
  A minotaur (Vaults:4)
  11 deep elf annihilators
  8 deep elf demonologists
  9 black draconians
  3 dire elephants
  4 yellow draconians
  3 entropy weavers
  10 red draconians
  5 bunyips
  6 spark wasps
  8 white draconians
  3 crystal guardians (Crypt:3)
  An eidolon (Crypt:2)
  10 deep elf death magi
  14 ettins
  3 eleionomae
  7 fire dragons
  A blizzard demon (Depths:3)
  Josephine (D:10)
  5 deep elf high priests
  41 vault guards
  9 ironbound thunderhulks
  6 spriggan air magi
  Harold (Orc:1)
  13 great orbs of eyes
  A naga warrior (Vaults:4)
  A monstrous demonspawn (D:15)
  A caustic shrike simulacrum (IceCv)
  5 ice dragons
  Erolcha (Orc:2)
  14 yaktaur captains
  6 boulder beetles
  16 hydras
  A juggernaut simulacrum (Depths:1)
  2 rakshasas
  2 ghost crabs
  6 ironbound frosthearts
  An alligator snapping turtle (Zot:2)
  4 ogre magi
  A death knight (D:14)
  2 catoblepae
  23 dancing weapons
  3 alligators
  17 two-headed ogres
  3 deep troll shamans
  3 centaur warriors (Vaults:2)
  8 deep troll earth magi
  A tengu warrior (Depths:2)
  3 death yaks
  2 thrashing horrors (Abyss:3)
  2 vampire magi
  3 ironbound beastmasters
  An orc high priest (Orc:1)
  3 titan zombies (Crypt:3)
  10 spriggan berserkers
  19 deep elf knights
  A shock serpent (shapeshifter) (Depths:5)
  Urug (Lair:4)
  4 sun demons
  Sonja (Lair:1)
  Nergalle (D:10)
  16 hell knights
  3 wretched stars (Abyss:3)
  A shadow wraith (Vaults:5)
  A storm dragon zombie (Vaults:4)
  A soul eater (Crypt:1)
  8 iron trolls
  A storm dragon skeleton (Crypt:3)
  A fire crab (Abyss:3)
  3 goliath frogs
  3 sixfirhies
  5 spriggan druids
  25 skeletal warriors
  5 glowing orange brains
  63 deep trolls
  15 deep elf archers
  A flayed ghost (Depths:5)
  An anaconda zombie (Crypt:1)
  An infernal demonspawn (D:14)
  11 swamp dragons
  A gelid demonspawn (D:5)
  3 orange crystal statues
  2 lindwurms (Vaults:1)
  11 bog bodies
  A tengu zombie (Vaults:4)
  10 wizards
  8 harpies
  An obsidian statue (Zot:5)
  24 ironbound convokers
  21 deep elf pyromancers
  23 orb spiders
  39 wolf spiders
  6 phantasmal warriors
  25 deep elf zephyrmancers
  12 necromancers
  20 orc knights
  3 oklob plants
  A stone giant zombie (Crypt:3)
  22 moths of wrath
  A frost giant zombie (Crypt:3)
  2 shadow dragon skeletons
  A goliath frog skeleton (Crypt:2)
  An orc sorcerer (Orc:2)
  6 mana vipers (Depths:2)
  57 ugly things
  5 large abominations
  2 will-o-the-wisps
  8 shining eyes
  6 cyclopes
  A stone giant skeleton (Abyss:3)
  A toenail golem (D:7)
  2 frost giant skeletons
  6 manticores
  2 rust devils
  3 black mambas
  An apocalypse crab (Abyss:3)
  Maurice (Orc:2)
  A dire elephant zombie (Crypt:3)
  5 eyes of devastation
  19 elephants
  5 orange demons
  2 torpor snails
  21 vault sentinels
  A shock serpent zombie (Crypt:1)
  Joseph (D:8)
  2 ice statues (Swamp:4)
  5 smoke demons
  2 catoblepas zombies
  A gargoyle (D:12)
  A dire elephant skeleton (Crypt:2)
  3 rime drakes
  13 cane toads
  14 komodo dragons
  47 yaktaurs
  A kobold demonologist (D:14)
  A hellion (D:13)
  2 unseen horrors
  An ice devil (D:8)
  A komodo dragon (shapeshifter) (Depths:4)
  24 demonic crawlers
  2 tengu conjurers
  4 anaconda simulacra (IceCv)
  6 freezing wraiths
  A red devil (Abyss:3)
  6 ancient zymes (Abyss:3)
  2 golden dragon simulacra (IceCv)
  5 polar bears (Lair:6)
  6 hellwings
  A hydra zombie (Crypt:3)
  9 trolls
  3 bloated husks
  11 tyrant leeches
  29 jumping spiders
  11 hornets
  A hydra skeleton (Crypt:3)
  3 meliai (D:14)
  3 dream sheep (Lair:6)
  An ettin zombie (Vaults:1)
  2 ice dragon zombies
  A raiju (Abyss:3)
  A raiju (shapeshifter) (Depths:3)
  138 slime creatures
  A guardian serpent zombie (Crypt:1)
  A wolf spider simulacrum (Abyss:3)
  12 blink frogs
  A slime creature (shapeshifter) (Elf:1)
  38 flying skulls
  60 redbacks
  3 starcursed masses (Abyss:3)
  A tarantella (shapeshifter) (Vaults:5)
  A dire elephant simulacrum (IceCv)
  4 wyverns
  14 wraiths
  A ynoxinul (Abyss:3)
  37 tarantellas
  An elf simulacrum (Depths:1)
  25 spriggans
  3 air elementals
  5 vampires
  2 water elementals (Elf:2)
  37 yaks
  Eustachio (D:4)
  9 basilisks
  8 golden eyes
  7 vampire mosquitoes
  A steam dragon (D:8)
  2 neqoxecs
  3 elf skeletons
  Menkaure (D:4)
  13 swamp worms
  A harpy simulacrum (IceCv)
  A spatial vortex (Abyss:3)
  An acid dragon (D:12)
  12 water moccasins
  A swamp worm (shapeshifter) (Depths:3)
  A hydra simulacrum (IceCv)
  Duvessa (D:4)
  A two-headed ogre skeleton (Crypt:2)
  7 swamp drakes
  A hornet zombie (D:6)
  41 orc warriors
  12 small abominations
  A cane toad skeleton (Crypt:1)
  2 alligator simulacra (IceCv)
  4 black bears
  2 ettin simulacra (IceCv)
  15 ogres
  A sky beast (D:7)
  3 ice beasts (D:8)
  6 necrophages
  A snapping turtle zombie (Crypt:3)
  39 wolves
  12 centaurs
  3 boggarts (Lair:6)
  A manticore skeleton (Crypt:3)
  2 phantoms (D:7)
  3 kobold brigands
  13 bullfrogs
  A palentonga zombie (Crypt:1)
  A cyclops zombie (Crypt:1)
  A human zombie (Vaults:4)
  3 earth elementals
  A scorpion (shapeshifter) (Elf:2)
  Dowan (D:4)
  A gnoll sergeant (D:9)
  2 scorpions
  A human skeleton (Vaults:1)
  A wyvern skeleton (D:6)
  A water moccasin skeleton (Crypt:2)
  A salamander skeleton (Crypt:1)
  2 warg zombies
  4 killer bees
  2 lindwurm simulacra (IceCv)
  3 electric eels
  5 howler monkeys
  11 wights
  5 centaur zombies
  A quasit (Abyss:3)
  2 bullfrog zombies
  3 hounds
  13 orc priests
  A jelly (D:8)
  A basilisk zombie (Crypt:2)
  3 iguanas
  An iron imp (Abyss:3)
  A merfolk siren (Sewer)
  18 orc wizards
  A merfolk avatar (Sewer)
  A killer bee zombie (Crypt:1)
  A demigod skeleton (Crypt:2)
  10 gnolls
  7 adders
  3 river rats
  7 white imps
  An adder skeleton (D:4)
  4 dart slugs
  95 orcs
  11 ball pythons
  11 endoplasms
  7 giant cockroaches
  11 goblins
  7 hobgoblins
  9 jackals
  15 kobolds
  9 quokkas
  6 bats
  6 frilled lizards
  A jackal zombie (Crypt:1)
  35 rats
  A river rat skeleton (Crypt:1)
  A bush (Lair:1)
2617 creatures vanquished.

Vanquished Creatures (collateral kills)
  A shadow dragon (Zot:4)
  2 hydras (Swamp:4)
  An alligator (Swamp:4)
  A bog body (Swamp:4)
  3 slime creatures (Slime:1)
8 creatures vanquished.

Vanquished Creatures (others)
  An alligator (Swamp:2)
  A deep troll shaman (Depths:1)
  A deep troll earth mage (Depths:1)
  3 deep elf knights
  A deep elf pyromancer (Elf:2)
  A hornet (Spider:2)
  2 redbacks
  2 humans (D:15)
  A swamp drake (Swamp:4)
  A bush (Lair:6)
  6 foxfires
  70 fungi
  68 plants
158 creatures vanquished.

Grand Total: 2783 creatures vanquished

Notes
Turn   | Place    | Note
-------+----------+-------------------------------------------
     0 | D:1      | grimtooth the Hill Orc Gladiator began the quest for the
                  | Orb.
     0 | D:1      | Reached XP level 1. HP: 18/18 MP: 1/1
   115 | D:1      | - well that was careless
   121 | D:1      | Reached XP level 2. HP: 6/25 MP: 2/2
   133 | D:1      | - and now the pillar dance
   146 | D:1      | - ooh you clever bugger
   668 | D:1      | Reached XP level 3. HP: 31/31 MP: 3/3
  1056 | D:1      | Found a faded altar of an unknown god.
  1371 | D:2      | Reached skill level 5 in Axes
  1795 | D:2      | Reached XP level 4. HP: 30/40 MP: 4/4
  1988 | D:3      | Found a shadowy altar of Dithmenos.
  2128 | D:3      | Found a sacrificial altar of Ru.
  2134 | D:3      | Found a hide-covered altar of Uskayaw.
  2138 | D:3      | Found an ornate altar of the Wu Jian Council.
  2191 | D:3      | Found a basalt altar of Yredelemnul.
  2392 | D:3      | Found a blossoming altar of Fedhas.
  2396 | D:3      | Noticed an ogre
  2407 | D:3      | - that went sideways quickly
  2708 | D:3      | Killed an ogre
  2709 | D:3      | Reached skill level 5 in Fighting
  2709 | D:3      | Reached XP level 5. HP: 37/48 MP: 5/5
  2871 | D:3      | Reached XP level 6. HP: 24/56 MP: 6/6
  3785 | D:4      | Found a staircase to the Ecumenical Temple.
  3797 | Temple   | Entered the Ecumenical Temple
  3822 | Temple   | Became a worshipper of Qazlal Stormbringer
  3937 | D:4      | Found Ohadghosa's Lightly-Used Armoury.
  4179 | D:4      | Found a glowing drain.
  4183 | Sewer    | Entered a sewer
  4301 | Sewer    | Reached XP level 7. HP: 59/63 MP: 7/7
  4390 | Sewer    | Reached * piety under Qazlal
  5002 | D:4      | Noticed Menkaure
  5017 | D:4      | Killed Menkaure
  5018 | D:4      | Reached skill level 1 in Armour
  5018 | D:4      | Reached skill level 1 in Invocations
  5103 | D:4      | Noticed Duvessa
  5293 | D:4      | Noticed Dowan
  5320 | D:4      | Killed Duvessa
  5324 | D:4      | Killed Dowan
  5648 | D:4      | Reached ** piety under Qazlal
  5941 | D:4      | Reached XP level 8. HP: 70/70 MP: 10/10
  5942 | D:4      | Noticed Eustachio
  5961 | D:4      | Killed Eustachio
  6252 | D:5      | Entered Level 5 of the Dungeon
  6543 | D:5      | Reached skill level 5 in Invocations
  7126 | D:5      | Reached skill level 5 in Armour
  7700 | D:5      | Found a shimmering altar of Xom.
  7701 | D:5      | Found a broken altar of Ashenzari.
  8039 | D:6      | Reached XP level 9. HP: 26/78 MP: 4/13
  8354 | D:6      | Found Vaette's Jewellery Shop.
  8912 | D:6      | Reached *** piety under Qazlal
  8965 | D:6      | Reached skill level 10 in Axes
  9343 | D:7      | Noticed a cyclops
  9434 | D:7      | Noticed a troll
  9452 | D:7      | Killed a troll
  9603 | D:7      | Noticed a cyclops
  9609 | D:7      | Killed a cyclops
 10237 | D:7      | Reached XP level 10. HP: 79/91 MP: 10/14
 10362 | D:7      | Reached skill level 1 in Evocations
 10443 | D:7      | Killed a cyclops
 10615 | D:7      | Found an opulent altar of Gozag.
 10991 | D:7      | Found a glowing silver altar of Zin.
 11021 | D:8      | Found a transporter.
 11104 | D:8      | Found a transporter.
 11353 | D:8      | Noticed Joseph
 11365 | D:8      | Killed Joseph
 11783 | D:8      | Reached skill level 10 in Invocations
 12271 | D:8      | Reached skill level 5 in Evocations
 12591 | D:9      | Reached XP level 11. HP: 87/97 MP: 16/19
 12649 | D:9      | Reached **** piety under Qazlal
 12797 | D:9      | Found a staircase to the Lair.
 13434 | D:10     | Entered Level 10 of the Dungeon
 13633 | D:10     | Noticed a two-headed ogre
 13651 | D:10     | Killed a two-headed ogre
 13678 | D:10     | Found a flagged portal.
 13794 | Bailey   | Entered a bailey
 14102 | Bailey   | Noticed an orc knight
 14103 | Bailey   | Noticed an orc knight
 14105 | Bailey   | Killed an orc knight
 14209 | Bailey   | Killed an orc knight
 14518 | D:10     | Noticed Josephine
 14533 | D:10     | Reached skill level 10 in Fighting
 14537 | D:10     | Killed Josephine
 14608 | D:10     | Reached skill level 5 in Throwing
 14923 | D:10     | Noticed Nergalle
 14942 | D:10     | Killed Nergalle
 15418 | D:11     | Reached XP level 12. HP: 110/110 MP: 21/21
 15541 | D:11     | Found Saptiph's Weapon Shop.
 15620 | D:11     | Noticed a two-headed ogre
 15626 | D:11     | Killed a two-headed ogre
 15630 | D:11     | Learned a level 2 spell: Slow
 15667 | D:11     | Noticed a two-headed ogre
 15678 | D:11     | Killed a two-headed ogre
 15679 | D:11     | Reached skill level 1 in Hexes
 15696 | D:11     | Noticed a boulder beetle
 15710 | D:11     | Killed a boulder beetle
 15835 | D:11     | Identified the ring "Ijophonauf" {rF+ Int+6 Slay+2}
 16108 | D:11     | Found a staircase to the Orcish Mines.
 16192 | D:12     | Reached skill level 5 in Slings
 16210 | D:12     | Noticed a two-headed ogre
 16216 | D:12     | Killed a two-headed ogre
 16458 | D:12     | Reached skill level 5 in Hexes
 16631 | D:12     | Noticed a boulder beetle
 16658 | D:12     | Killed a boulder beetle
 17535 | D:13     | Noticed Frances
 17698 | Lair:1   | Entered Level 1 of the Lair of Beasts
 17707 | Lair:1   | Reached XP level 13. HP: 118/118 MP: 22/22
 17738 | Lair:1   | Noticed Sonja
 17865 | Lair:1   | Killed Sonja
 19322 | Lair:2   | Found a staircase to the Swamp.
 20311 | Lair:3   | Found a hole to the Spider Nest.
 20963 | Lair:4   | Noticed Urug
 20977 | Lair:4   | Killed Urug
 21212 | Lair:4   | Noticed Nessos
 21231 | Lair:4   | Killed Nessos
 21664 | Lair:4   | Reached XP level 14. HP: 89/126 MP: 17/25
 22106 | Lair:4   | Reached skill level 10 in Hexes
 22771 | Lair:5   | Reached skill level 15 in Invocations
 22785 | Lair:5   | Reached skill level 10 in Slings
 23245 | Lair:5   | Reached ***** piety under Qazlal
 23691 | Lair:6   | Entered Level 6 of the Lair of Beasts
 24470 | Lair:6   | Identified 3 scrolls of acquirement
 24471 | Lair:6   | - schwing
 24689 | D:11     | Acquired a manual of Armour
 25822 | Lair:6   | Found a staircase to the Slime Pits.
 26469 | Lair:6   | Reached XP level 15. HP: 88/137 MP: 18/26
 26574 | Lair:6   | Reached ****** piety under Qazlal
 26810 | Lair:6   | Found the +3 giant club "Skullcrusher" {speed, Str+7}
 27293 | Orc:1    | Entered Level 1 of the Orcish Mines
 27333 | Orc:1    | Found Veifaipt's Book Shop.
 27367 | Orc:1    | Noticed Harold
 27384 | Orc:1    | Killed Harold
 27984 | Orc:1    | Found a roughly hewn altar of Beogh.
 28259 | Orc:2    | Entered Level 2 of the Orcish Mines
 28442 | Orc:2    | Reached skill level 15 in Axes
 28581 | Orc:2    | Noticed Erolcha
 28937 | Orc:2    | Reached skill level 15 in Fighting
 29105 | Orc:2    | Killed Erolcha
 29375 | Orc:2    | Found a staircase to the Elven Halls.
 29377 | Orc:2    | Noticed Maurice
 29387 | Orc:2    | Killed Maurice
 29857 | Orc:2    | Found Rodum's General Store.
 29857 | Orc:2    | Found Kiaze's Distillery.
 29859 | Orc:2    | Found Cesisegi's Antique Armour Shop.
 29861 | Orc:2    | Found Facij's Book Shoppe.
 29876 | Orc:2    | Bought a potion of haste for 140 gold pieces
 29876 | Orc:2    | Bought a potion of curing for 42 gold pieces
 29876 | Orc:2    | Bought a potion of heal wounds for 70 gold pieces
 29876 | Orc:2    | Bought a potion of curing for 42 gold pieces
 29877 | Orc:2    | Bought a potion of curing for 45 gold pieces
 30022 | D:13     | Reached skill level 10 in Armour
 30059 | D:13     | Reached skill level 1 in Shields
 30583 | D:13     | Killed Frances
 31543 | D:13     | Found a gate to the Vaults.
 31741 | D:13     | Reached skill level 5 in Shields
 31908 | D:13     | Acquired the +3 pair of gauntlets of War {Slay+5}
 31908 | D:13     | Found the +3 pair of gauntlets of War {Slay+5}
 32428 | Spider:1 | Entered Level 1 of the Spider Nest
 32428 | Spider:1 | Noticed Agnes
 32445 | Spider:1 | Killed Agnes
 32740 | Spider:1 | Reached XP level 16. HP: 129/149 MP: 22/27
 34280 | Spider:1 | You fall into a shaft and drop 1 floor!
 34282 | Spider:2 | Noticed Donald
 34293 | Spider:2 | Reached skill level 15 in Armour
 34296 | Spider:2 | Killed Donald
 34322 | Spider:2 | - why is his armour over here
 34350 | Spider:2 | Noticed Jorgrun
 34365 | Spider:2 | Killed Jorgrun
 37374 | Spider:3 | Reached XP level 17. HP: 151/156 MP: 23/29
 38167 | Spider:3 | Identified the +10 shortbow of Hacking and Slashing {flame,
                  | rF+ rC+++ Dex+4}
 38410 | Spider:4 | Entered Level 4 of the Spider Nest
 39062 | Spider:4 | - WHAT
 40660 | Spider:4 | Reached skill level 5 in Dodging
 41925 | Spider:4 | Got a gossamer rune of Zot
 42115 | Spider:3 | - wow an interesting shortbow foronce
 42992 | Swamp:1  | Entered Level 1 of the Swamp
 43661 | Swamp:1  | Learned a level 3 spell: Confusing Touch
 44128 | Swamp:2  | Reached XP level 18. HP: 151/163 MP: 28/31
 44541 | Swamp:2  | - tiny!
 45479 | Swamp:4  | Entered Level 4 of the Swamp
 45597 | Swamp:4  | Found a frozen archway.
 45624 | IceCv    | Entered an ice cave
 46263 | IceCv    | Got the Almanac of the Entourage and the Glacier
 46863 | Swamp:4  | Noticed the 27-headed Lernaean hydra
 46877 | Swamp:4  | Killed the 27-headed Lernaean hydra
 47355 | Swamp:4  | Got a decaying rune of Zot
 48262 | D:14     | Reached XP level 19. HP: 140/174 MP: 25/32
 49252 | D:14     | Found a white marble altar of Elyvilon.
 49253 | D:14     | Found a glowing golden altar of the Shining One.
 49254 | D:14     | Found a glowing silver altar of Zin.
 49588 | D:14     | Found a runed translucent door.
 49938 | D:14     | Noticed a tentacled monstrosity
 49960 | D:14     | Killed a tentacled monstrosity
 50373 | D:15     | Entered Level 15 of the Dungeon
 50405 | D:15     | Found Sinweluf's Antique Armour Shoppe.
 50420 | D:15     | Noticed Kirke
 50430 | D:15     | Killed Kirke
 50836 | D:15     | Found a staircase to the Depths.
 51035 | D:15     | Found Uggeexto's Antique Armour Shoppe.
 51321 | D:15     | Bought a pair of masterwork boots for 399 gold pieces
 51321 | D:15     | Identified the +1 pair of boots "Eruammer" {Int+2} (You
                  | bought it in a shop on level 15 of the Dungeon)
 51424 | Vaults:1 | Entered Level 1 of the Vaults
 52829 | Vaults:1 | Identified the +9 quarterstaff of Sunlight {drain, rPois}
 53271 | Vaults:1 | Identified the +11 hand axe of Sadid {vamp, rC+ MP+9}
 53272 | Vaults:1 | - could this be useful?
 53643 | Vaults:2 | Reached skill level 10 in Shields
 53675 | Vaults:2 | Noticed Aizul
 53695 | Vaults:2 | Killed Aizul
 53696 | Vaults:2 | Reached XP level 20. HP: 75/187 MP: 11/33
 54213 | Vaults:2 | Cast into level 3 of the Abyss (vault warden)
 54214 | Abyss:3  | - well crap
 54517 | Abyss:3  | Acquired a +4 broad axe of electrocution
 54618 | Abyss:3  | - uh curing doesnt fix sick?
 54618 | Abyss:3  | - man I didnt notice and stepped off didnt i
 54626 | Vaults:2 | Escaped the Abyss
 56462 | Vaults:2 | Found a staircase to the Crypt.
 56771 | Vaults:2 | Found the +8 storm bow {elec, penet}
 56774 | Vaults:2 | - another sweet bow
 57280 | Vaults:3 | Reached XP level 21. HP: 199/199 MP: 21/35
 58478 | Vaults:3 | Noticed an ancient lich
 58489 | Vaults:3 | Killed an ancient lich
 58740 | Vaults:3 | Got Mauhedao's Incunabulum of Entrancing Flames
 58772 | Vaults:3 | Identified the +0 ring mail "Acauzoihy" {rPois}
 59372 | Vaults:3 | Reached XP level 22. HP: 209/209 MP: 36/36
 59374 | Vaults:3 | Identified the +6 battleaxe "Bemeoh" {vorpal, Will+}
 59931 | Vaults:4 | Found Xaneilaitwo's Book Boutique.
 60203 | Vaults:4 | Reached skill level 15 in Shields
 61961 | Vaults:4 | Found a runed translucent gate.
 61961 | Vaults:4 | Noticed grimtooth's ghost (veteran TeCj)
 61961 | Vaults:4 | Identified the +4 ring mail "Jala" {Rampage Slay+3}
 61962 | Vaults:4 | Found a runed translucent gate.
 61962 | Vaults:4 | Found a runed translucent gate.
 61969 | Vaults:4 | Found an iron altar of Okawaru.
 62305 | D:6      | Bought the amulet of Upom {RegenMP Fly rF+ rC++ rCorr} for
                  | 761 gold pieces
 62465 | D:15     | Bought faintly glowing fire dragon scales for 1885 gold
                  | pieces
 62465 | D:15     | Identified the +2 fire dragon scales "Oske Wups" {rF++ rC-
                  | Slay+2} (You bought it in a shop on level 15 of the
                  | Dungeon)
 62623 | Elf:1    | Entered Level 1 of the Elven Halls
 62623 | Elf:1    | Found a runed translucent gate.
 62623 | Elf:1    | Found a runed translucent gate.
 62623 | Elf:1    | Found a runed translucent gate.
 62623 | Elf:1    | Found a runed translucent gate.
 62623 | Elf:1    | Found a runed translucent gate.
 62623 | Elf:1    | Found a runed translucent gate.
 62630 | Elf:1    | Found a runed translucent door.
 62642 | Elf:1    | Found a runed translucent door.
 62796 | Elf:1    | Paralysed by an air elemental for 1 turns
 62869 | Elf:1    | Identified the ring "Ylaheuhabe" {+Blink rPois rN+ Int+4
                  | Slay-6}
 62895 | Elf:1    | Found Qiuqiutz's Weapon Emporium.
 62897 | Elf:1    | Found Asucetwes's Book Shoppe.
 62900 | Elf:1    | Found Luares's Weapon Emporium.
 62915 | Elf:1    | Reached skill level 10 in Evocations
 63149 | Elf:1    | Found Caggauth's Jewellery Emporium.
 64454 | Elf:2    | Found a runed translucent gate.
 64473 | Elf:2    | Found Tekyrph's Assorted Antiques.
 64741 | Elf:2    | Found a runed translucent gate.
 64741 | Elf:2    | Found a runed translucent gate.
 64777 | Elf:3    | Entered Level 3 of the Elven Halls
 65022 | Elf:3    | Reached XP level 23. HP: 159/215 MP: 37/37
 66578 | Elf:3    | Identified the ring of Topidd {Fire Int+3 Slay+2}
 66672 | Elf:3    | Paralysed by an air elemental for 1 turns
 66681 | Elf:3    | Noticed Bai Suzhen
 66706 | Elf:3    | Killed Bai Suzhen
 66982 | Elf:3    | Noticed Louise
 66998 | Elf:3    | Killed Louise
 67067 | Elf:3    | Found Ypraxeq's Antique Armour Emporium.
 67259 | Elf:3    | Got Sif Muna's Collected Works on Lethal Necromancy
 67278 | Elf:3    | Identified the +1 robe "Epoghot" {-Tele rF+ Will+ Slay+2}
 68601 | Depths:1 | Entered Level 1 of the Depths
 69540 | Depths:1 | Noticed Nikola
 69560 | Depths:1 | Killed Nikola
 69986 | Depths:1 | Found a sacrificial altar of Ru.
 70030 | Depths:1 | Found Sezomain's Magic Scroll Boutique.
 70080 | Depths:1 | Found Keuzosoj's Book Shoppe.
 70080 | Depths:1 | Found Luniceb's Jewellery Shop.
 70081 | Depths:1 | Found Geaxy's Jewellery Shop.
 70299 | Depths:1 | Reached XP level 24. HP: 205/224 MP: 38/38
 70597 | Depths:1 | Found a gateway to Hell.
 70708 | Depths:1 | - where did I find an axe manual
 70718 | Depths:2 | You are sucked into a shaft and drop 2 floors!
 70721 | Depths:4 | Found a one-way gate leading to the halls of Pandemonium.
 70880 | Depths:3 | Gained mutation: You occasionally shout uncontrollably at
                  | your foes. [a neqoxec]
 71853 | Depths:2 | Identified the +6 morningstar "Joedug" {vorpal, Fly rF+
                  | rC+}
 72119 | Depths:2 | Found a runed translucent door.
 72170 | Depths:2 | Found a runed translucent door.
 72198 | Depths:2 | Found a one-way gate to the infinite horrors of the Abyss.
 72503 | Depths:2 | Identified the +2 pair of boots of Jakkiwkyff {Slay+5}
 72818 | Depths:3 | Noticed Frederick
 72841 | Depths:3 | Killed Frederick
 73092 | Depths:3 | - dang!
 73420 | Depths:3 | Identified the +5 dagger "Maikkit" {flame, rElec rN+
                  | Stlth+}
 73519 | Depths:3 | Found a white marble altar of Elyvilon.
 73519 | Depths:3 | Found a glowing golden altar of the Shining One.
 73519 | Depths:3 | Found a glowing silver altar of Zin.
 73981 | Depths:3 | Reached XP level 25. HP: 216/235 MP: 39/39
 74493 | Depths:3 | Got Wuxanuaqak's Incunabulum of the Oath
 74782 | Depths:2 | Found an ornate altar of the Wu Jian Council.
 75561 | Depths:4 | Noticed Boris
 75579 | Depths:4 | Killed Boris
 76837 | Depths:4 | Identified the +5 kite shield of Xafral {Dex+3 Stlth+}
 77121 | Depths:4 | Found an iron altar of Okawaru.
 77163 | Depths:4 | Found a gateway to a ziggurat.
 77303 | Depths:5 | Entered Level 5 of the Depths
 77309 | Depths:5 | Noticed a juggernaut
 77340 | Depths:5 | Killed a juggernaut
 78088 | Depths:5 | Reached XP level 26. HP: 204/252 MP: 39/39
 78097 | Depths:5 | Found a gate to the Realm of Zot.
 78502 | Depths:5 | Found a glowing golden altar of the Shining One.
 79046 | D:11     | Acquired 383 gold pieces
 79048 | D:11     | Acquired 929 gold pieces
 79256 | Slime:1  | Entered Level 1 of the Pits of Slime
 79680 | Slime:2  | Gained mutation: Your body sometimes deteriorates upon
                  | taking damage. [a shining eye]
 80477 | Slime:4  | Gained mutation: You are clumsy. (Dex -2) [a shining eye]
 80648 | Slime:4  | Gained mutation: You tend to lose your temper in combat. [a
                  | shining eye]
 80934 | Slime:5  | Entered Level 5 of the Pits of Slime
 81044 | Slime:5  | Gained mutation: Your magical capacity is low. (-10% MP) [a
                  | shining eye]
 81047 | Slime:5  | Noticed the Royal Jelly
 81054 | Slime:5  | Killed the Royal Jelly
 81055 | Slime:5  | Reached skill level 15 in Evocations
 81088 | Slime:5  | Gained mutation: You are very clumsy. (Dex -4) [a shining
                  | eye]
 81143 | Slime:5  | Identified the +2 plate armour of Resilience {Str-4 Dex+5
                  | Stlth-}
 81171 | Slime:5  | Identified the +4 great mace "Soykk" {flame, Fragile rF++
                  | rN+ MP+9}
 81201 | Slime:5  | Identified the +3 leather armour "Nazauh" {Rampage Will+
                  | Str+3 Int+2}
 81216 | Slime:5  | Identified the +11 flail of the End of Times {vorpal, rPois
                  | Str+2}
 81247 | Slime:5  | Identified the +5 scale mail "Inim" {Str+3}
 81255 | Slime:5  | Identified the +5 chain mail "Baduafes" {Harm rElec Will++
                  | Stlth+}
 81296 | Slime:5  | Identified the +7 shortbow "Gawenoi" {flame, rElec rCorr
                  | Str+4}
 81298 | Slime:5  | Got a slimy rune of Zot
 81644 | D:11     | Lost mutation: You tend to lose your temper in combat.
                  | [potion of mutation]
 81644 | D:11     | Lost mutation: You occasionally shout uncontrollably at
                  | your foes. [potion of mutation]
 81644 | D:11     | Lost mutation: You are very clumsy. (Dex -4) [potion of
                  | mutation]
 81892 | Elf:3    | Bought steaming quicksilver dragon scales for 1950 gold
                  | pieces
 81892 | Elf:3    | Identified the quicksilver dragon scales of Stoicism {-Cast
                  | rElec rC+ Will+} (You bought it in a shop on level 3 of the
                  | Elven Halls)
 81965 | Elf:2    | Bought a scroll of enchant armour for 277 gold pieces
 82172 | D:4      | Bought -1 pearl dragon scales for 1140 gold pieces
 83290 | Vaults:5 | Entered Level 5 of the Vaults
 83308 | Vaults:5 | Reached XP level 27. HP: 203/261 MP: 35/35
 83325 | Vaults:5 | Reached skill level 10 in Dodging
 83325 | Vaults:5 | - so thats fun
 83719 | Vaults:5 | Noticed Mara
 83741 | Vaults:5 | Noticed Xtahua
 83754 | Vaults:5 | Noticed grimtooth's illusion
 83766 | Vaults:4 | Paralysed by Xtahua for 7 turns
 83780 | Vaults:4 | Killed Xtahua
 84102 | Vaults:5 | Noticed grimtooth's illusion
 84107 | Vaults:5 | Reached skill level 27 in Invocations
 84117 | Vaults:5 | Killed Mara
 84118 | Vaults:5 | Reached skill level 10 in Throwing
 84498 | Vaults:5 | Noticed Margery
 84516 | Vaults:5 | Killed Margery
 84680 | Vaults:5 | Noticed Mennas
 84749 | Vaults:5 | Killed Mennas
 84993 | Vaults:5 | Got a silver rune of Zot
 84997 | Vaults:5 | Identified the +0 robe of Luq Ravo {Will+ rCorr}
 85011 | Vaults:5 | Identified the +1 plate armour of Vechiny {+Blink rN+}
 85247 | Vaults:5 | Found Roups's Antique Weapon Shoppe.
 85257 | Vaults:5 | Identified the +0 falchion "Enurgh" {pain, rF+ Will+ Str-3
                  | Int+10}
 85848 | Depths:1 | Bought a scroll of holy word for 120 gold pieces
 86038 | Crypt:1  | Entered Level 1 of the Crypt
 86079 | Crypt:1  | Noticed a dread lich
 86091 | Crypt:1  | Killed a dread lich
 86786 | Crypt:2  | Found a runed translucent gate.
 86786 | Crypt:2  | Found a runed translucent gate.
 86787 | Crypt:2  | Found a runed translucent gate.
 86837 | Crypt:2  | Found a runed translucent gate.
 86838 | Crypt:2  | Noticed Houmnergh's ghost (master GnTm)
 86839 | Crypt:2  | Found a runed translucent gate.
 86840 | Crypt:2  | Found a runed translucent gate.
 87228 | Crypt:3  | Entered Level 3 of the Crypt
 87790 | Crypt:3  | Paralysed by a vampire knight for 6 turns
 88055 | Crypt:3  | Identified the +6 dagger "Bagump" {speed, rPois rF+ rC++
                  | rCorr}
 88096 | Crypt:3  | Found a staircase to the Tomb.
 88186 | Crypt:3  | Noticed an ancient lich
 88205 | Crypt:3  | Killed an ancient lich
 88381 | Crypt:3  | Found an ancient bone altar of Kikubaaqudgha.
 88429 | Crypt:3  | Got the Guide on Dark Rituals
 88435 | Crypt:3  | - nice dagger
 88831 | Zot:1    | Entered Level 1 of the Realm of Zot
 91948 | Zot:4    | Noticed an orb of fire
 91964 | Zot:4    | Killed an orb of fire
 92439 | Zot:4    | Found a runed translucent door.
 92439 | Zot:4    | Noticed Alunk's ghost (legendary GnFi)
 92641 | Zot:5    | Entered Level 5 of the Realm of Zot
 93242 | Zot:5    | Noticed an orb of fire
 93242 | Zot:5    | Noticed an orb of fire
 93248 | Zot:5    | Gained mutation: Your spells are a little easier to cast,
                  | but a little less powerful. [an orb of fire]
 93263 | Zot:5    | Gained mutation: You are weak. (Str -2) [an orb of fire]
 93264 | Zot:5    | Killed an orb of fire
 93266 | Zot:5    | Killed an orb of fire
 93281 | Zot:5    | Noticed an orb of fire
 93290 | Zot:5    | Killed an orb of fire
 93496 | Zot:5    | Noticed an orb of fire
 93504 | Zot:5    | Noticed a dread lich
 93508 | Zot:5    | Gained mutation: You are very weak. (Str -4) [an orb of
                  | fire]
 93520 | Zot:5    | Noticed an ancient lich
 93525 | Zot:5    | Killed an orb of fire
 93529 | Zot:5    | Killed a dread lich
 93534 | Zot:5    | Killed an ancient lich
 93858 | Zot:5    | Noticed an orb of fire
 93866 | Zot:5    | Gained mutation: You are frail. (-10% HP) [an orb of fire]
 93873 | Zot:5    | Gained mutation: Your magical capacity is very low. (-20%
                  | MP) [an orb of fire]
 93878 | Zot:5    | Gained mutation: Your magical capacity is extremely low.
                  | (-30% MP) [an orb of fire]
 93880 | Zot:5    | Killed an orb of fire
 94570 | Zot:5    | Reached skill level 27 in Axes
 94917 | Zot:5    | Got the Orb of Zot
 95027 | Zot:2    | Noticed Uneazen the pandemonium lord
 95241 | D:15     | Noticed Merah the pandemonium lord
 95290 | D:14     | Reached skill level 27 in Fighting
 95438 | D:12     | Noticed Jetwumul the pandemonium lord
 95658 | D:5      | Noticed Qosasy the pandemonium lord
 95788 | D:$      | Escaped with the Orb!

Illustrated notes .......##......... #......##......... #....)[........... #................. #...##........<... #...##.........>.. #................. #................. #......##......... #......##......... #@###....†....##.. ####S# #.........##.. #..hr###............. ####.##g..############## .h......K...... ..#..?#.#.K.#.. ...#.#[..#.#... #...#.....#...# #..#.....#..#. ..# #.....# #.. .. .#...#. .. Turn 115 on D:1: - well that was careless ..............##....... .......##............# #......##............## #....)[................ #...................... #...##........<........ #...##.........>....... #...................... #...................... #......##............## #..K.g@##............# #.###....†....##....... ####†# #.........##....... #...K###.................. ####.##...##################. .h............. ..#..?#.#.K.#.. ...#.#[..#.#... #...#.....#...# #..#.....#..#. ..# #.....# #.. Turn 133 on D:1: - and now the pillar dance #....)[.................... #........................(. #...##........<.........##. #...##.........>........# #.......................$. #.......................... #......##.....K......##.... #......##....K.......##.... #.###....†....##.......... ###†# #.........##........ ...K###.........@g........ .##...##################.. ........... # .?#.#.K.#.. .#[..#.#... #.....#...# #.....#..#. #.....# #.. .#...#. .. ..#.#... Turn 146 on D:1: - ooh you clever bugger #...........# ............############# ....._..(_...##.......... .<.....((............... ...._..⌠.._............. ..>.................(# .##...(.............# ......._.............# .....................# .###.##.........)....# #.......O@........# # ####.....#...)..### # #.....#####)...# # ####### #....# ##### #)...# ....# #.#### ....# #.# ....# #)# ....#################)# ....................).# ....################..# Turn 2407 on D:3: - that went sideways quickly #..# .# ##.... ..# #..... #### #..## #..#.##..##...P## ##.#.....#P...P.#. #.#P....§........... #...P☼.☼............# .....○.@.............# .#.......#........... ####.°.##......P...P #######.....P... #.......## #..#.#...#.# ##.÷..#.....# #......#..P.. #####(.......PP..# ####..##(......PP#### #.#....(......#### Turn 24471 on Lair:6: - schwing .# #..# ....### ....... s....(.##### #.......#.†# #.....†#@†# .###...○†.○# .......[..(# .......)...(... .......#[....... ...#...#^....... .. #...#.###..## . #..#### .$# ### ## Turn 34322 on Spider:2: - why is his armour over here ####.^.#. #.^#..... ......((# ###...(((.# ##...s..^..# #...<#. #^.......# ##....#....# #.○....#....# #†w....#..^..^ #@§.#. #..^.. ###### ###.. #. Turn 39062 on Spider:4: - WHAT #....##...##.######..######### ##....#...#.......##.##...#... ##...#...........##......##.. ##..#...##.#.##.#...##..#..# #..#####..^######..#####... #.^#.###...##..#..##...#... #.###..#...#...##.###..#... #.^##.###.##...#..)#^.###.# #.##..#######.###..##..#### ####.#....○...#.......##.##.## ###.##.........@##.......^..##.. #....#...#....#####.##.##..##..# ##...#..##^○#################### #...#..##........#.#.#...###... ##..#.............^............ ##..#####...##########.##.##.. #### ##### #####...^.. #^......... #^.....##.. ####....#^.. #...)#..#... Turn 42115 on Spider:3: - wow an interesting shortbow foronce ♣≈≈.≈..≈≈§.♣♣ ♣♣♣≈≈ ♣♣.)..≈≈♣≈..♣♣ ♣♣♣.≈≈. ♣.♣♣....≈≈..♣♣ ♣♣♣≈...§≈ ♣♣♣♣♣..♣≈≈≈≈≈♣♣ ♣♣♣♣..≈...≈. ♣≈≈♣♣.≈...♣♣♣♣...≈≈≈..... ♣..♣♣♣≈.≈...♣.≈.≈≈.≈...≈≈ ♣≈.♣ ♣♣≈≈≈♣≈≈.≈≈.≈.≈..≈≈≈ ♣♣≈≈♣ ♣≈..≈..§..≈≈≈≈.≈... ♣≈≈≈♣ ♣♣..≈........♣.≈≈.≈ ♣♣.≈♣♣ ♣≈☼...........≈≈≈≈§ ♣.§≈♣ ♣♣@.○######.#..≈≈≈≈ ♣♣≈♣♣ ♣♣.°○#..#...#..≈.≈≈ ♣..♣♣♣...°#..#.^.#...≈§≈ ♣≈§≈♣♣..§.#..÷#.##..≈§♣≈ ♣.≈♣♣♣....##.#...#.....≈ ♣..♣♣..§..#......#...≈♣≈ ♣.≈♣.♣≈≈.........#.....≈ ♣≈≈♣..♣....####'##.....≈ ♣..♣≈♣♣♣♣.............≈≈ ♣...≈≈♣ ♣♣........≈.≈.≈≈ ♣≈§≈.♣♣ ♣♣♣.♣♣≈≈≈..♣..♣ Turn 44541 on Swamp:2: - tiny! ########.......#......#####...## #......'.......#......#......... #......'.......#......#......... #......#.......'......#####...## #......#.......#)..(..#...##)##. #......+.......#..§...#......... #......#########.°....#......... ######## ######○#####......... #....§.# ########## #....○.# #...@.○+ #....○○# #.>....# #......# #......# +......# ######## ###### #....) #..... #..... #..... Turn 53272 on Vaults:1: - could this be useful? .... #... ....#... ......# ..#..## .'... '..# #..# #@.# #..# #...# ...## ...# ..#.# .. ## ##. Turn 54214 on Abyss:3: - well crap . ## # .## #..##. #.# .. ... .#† ### # ....##@# #.#..*.h.# #...†#.○## .##F #...# #∩..## ##### # Turn 54618 on Abyss:3: - uh curing doesnt fix sick? ...............?.[[.#......(.#.#≈ #####################........#.#≈ #........#.## #........#... ##########'##'###'## #..#.....#.#......## #..#.....#.'......## +..###'###.#......## #####.○○.......#......## #.......##'##..######### #######@#...#...# # +.#...#...# # #)#####...'. ## #.. ....#.. #. ### ######## #. #. #. #. #. ## Turn 56774 on Vaults:2: - another sweet bow ..##..# #..# #..# ..##..# #..# #..# ..##..# #..# #..# ..##..# #..# #.?# ..##..# #..# #..# ..##..# #..# #.(##### ..##..# #..# #......# ..##..# #..#####......# ..##..# #.......○.....# ......# #........§....# ......# #..#####@○☼...# ......# #..# #○.....# ......###..# #......# ........|..# #......# ...........# #####..# ......###..# ♣♣♣♣♣#..# ......# #..# ♣♣..P♣#..# ......# #..#♣♣.∩.P♣#..# ......# #..#♣P....♣#..# ......# #..#♣.∩.⌠.∩..## ......# #..#♣P....♣### Turn 70708 on Depths:1: - where did I find an axe manual #########..##.# #.............# #.............# #.............. #.............. #.............≈ #............≈≈ #.###'#####..≈∩ ####.#.......##.≈# #..°.+.......##.≈# #@°○.#.......#..≈≈ #....#.......#...≈ ######....^....... #########.... ###.. ### Turn 73092 on Depths:3: - dang! ....#.≈..##### ...#..≈≈#§§§§ ....≈≈§Z§○§ ####≈§§§§§§§### ..§.§§○§○○§§§§. ...§§○○○§.○○≈§. ....§§§§○§○○§.. ....§§§@§§○○§.. ####§§§○○§○§### ..D.D§§§p○§§≈w. .L.§§#§○§○#§§§§ ###§.#§§§.# °°§ #. #..Z.# ≈§ # #....# Z #....# Turn 83325 on Vaults:5: - so thats fun

#################################
≈≈≈≈≈≈≈≈≈≈≈≈≈≈≈≈≈≈≈≈≈≈≈≈≈≈≈≈≈≈≈≈≈
≈≈≈≈≈≈≈≈≈≈≈≈≈≈≈≈≈≈≈≈≈≈≈≈≈≈≈≈≈≈≈≈≈
≈≈≈≈≈≈≈≈≈≈≈≈≈≈≈≈≈≈≈≈≈≈≈≈≈≈≈≈≈≈≈≈≈
############################≈≈≈≈≈
#..........................#≈≈≈≈≈
#.........########.........#≈≈≈≈≈
#.........#..[°}@#.........#≈≈≈≈≈
#......##+##[?.○##'##......######
#......# ##°'##!..#......#...^.
#.....#### #....#.####.....#.....
'........###....###........'.....
#..........#....#..........#.....
#...###....##''##....###...#####.
##....##.###⌠..⌠###.##....##...#.
.##....###........###....##....#.
####....#.⌠.._...⌠.#....##.....'.
'.###...##........##...###.^...#.


Turn 88435 on Crypt:3: - nice dagger

Levels and vault maps discovered:
D:1:      dpeg_arrival_stonehenge_8_columns, layout_basic,
          chequers_ecumenical_altar_twisty, minmay_splitting_lines
D:2:      layout_loops_ring
D:3:      layout_rooms, grunt_temple_overflow_open, grunt_dithmenos_smoke,
          minmay_misc_feat_room
D:4:      layout_loops_ring, minmay_temple_entry_stoned_glass, serial_glass,
          glass_columns_c, glass_columns_a, minmay_strange_pillars,
          gup_sewer_entry_spiral, minmay_shop_damaged, uniq_duvessa,
          uniq_eustachio, uniq_menkaure
D:5:      layout_basic, gammafunk_temple_overflow_statue, st_stairs_3
D:6:      layout_basic, serial_shops, shop
D:7:      hangedman_cross_stitches, layout_gridville, marbit_many_paths,
          nicolae_gozag_cash_rules_everything_around_me
D:8:      gammafunk_steamed_eel, layout_basic, uniq_joseph
D:9:      layout_loops_cross, grunt_lair_entry_orc_guard_hut
D:10:     layout_long_grid, enter_bailey_5, uniq_josephine, uniq_nergalle
D:11:     layout_small_grid, orc_0_dummy, serial_shops, shop
D:12:     layout_long_grid
D:13:     layout_loops_cross, david_vaults_1, chequers_serial_rivers_room_b,
          uniq_frances
D:14:     cheibrodos_body_horror, layout_grid_maze, good_gods_temple_1
D:15:     grunt_enter_depths_giant_problem, layout_basic, serial_shops,
          nicolae_shop_waterfront, shop_statue, nrook_campfire,
          lemuel_flamethrower_hall, uniq_kirke
Temple:   minmay_temple_forest_path
Lair:1:   layout_misc_corridors, minmay_lair_oklob_bushes, uniq_sonja
Lair:2:   layout_chaotic_city, minmay_swamp_entry_wisps,
          chequers_serial_rivers_room_b, lemuel_fruit_tree
Lair:3:   layout_roguey, spider_nest_entry_a, minivault_23
Lair:4:   layout_cave_pods, beast_lair_carwin_10, minmay_lair_oklob_chamber,
          serial_bayou_shore_b, uniq_urug, uniq_nessos
Lair:5:   layout_cave_pods
Lair:6:   minmay_lair_end_enchanted_forest, layout_loops_ring,
          minmay_slime_entry_pillars
Swamp:1:  layout_basic_swamp, hangedman_swamp_ruin_wall
Swamp:2:  layout_falls_marsh, evilmike_swamp_ruin_house_1
Swamp:3:  layout_falls_marsh, evilmike_swamp_ruin_wall,
          infiniplex_staircase_pool
Swamp:4:  grunt_swamp_rune_castle, layout_basic_swamp,
          portal_ice_cave_entry_ice_statue_two
Spider:1: layout_spider_delve, drop_trap, einodemon_crawler_minivault,
          uniq_agnes
Spider:2: layout_spider_delve, uniq_jorgrun, uniq_donald
Spider:3: nicolae_spider_hilbert_zone_7 [nicolae_spider_hilbert_4_sides_1_open,
          nicolae_spider_hilbert_4_sides_1_open,
          nicolae_spider_hilbert_4_sides_1_open,
          nicolae_spider_hilbert_4_sides_1_open,
          nicolae_spider_hilbert_3_sides_1_open,
          nicolae_spider_hilbert_3_sides_1_open,
          nicolae_spider_hilbert_3_sides_1_open,
          nicolae_spider_hilbert_3_sides_1_open,
          nicolae_spider_hilbert_4_sides_1_open,
          nicolae_spider_hilbert_4_sides_1_open,
          nicolae_spider_hilbert_4_sides_1_open,
          nicolae_spider_hilbert_2_sides_1_open,
          nicolae_spider_hilbert_2_sides_1_open,
          nicolae_spider_hilbert_2_sides_1_open,
          nicolae_spider_hilbert_2_sides_1_open,
          nicolae_spider_hilbert_2_sides_1_open,
          nicolae_spider_hilbert_2_sides_1_open]
Spider:4: grunt_spider_rune_island
Slime:1:  layout_caves
Slime:2:  layout_caves
Slime:3:  layout_caves
Slime:4:  cheibrodos_slime_lost_civilization_10, layout_caves,
          cheibrodos_slime_lost_civilization_4
Slime:5
Orc:1:    layout_caves, serial_shops, shop, bh_open_orc_temple, uniq_harold
Orc:2:    st_orc_rangers, layout_caves, uniq_erolcha, uniq_maurice
Elf:1:    nicolae_elf_arrival_dilemma, layout_gridlike, serial_shops,
          nicolae_shop_stone, hangedman_corner_corridor, minmay_shop_star
Elf:2:    nicolae_elf_blades_crystal_corner, layout_rooms, serial_shops, shop,
          st_stairs_4, hex_tiny
Elf:3:    grunt_elf_hall_spiral, layout_onion_city, serial_shops,
          nicolae_diamond_shop, abandoned_shop, guppyfry_elf_castle,
          uniq_louise, uniq_bai_suzhen
Vaults:1: grunt_vaults_focal, v_alt_pattern_1, vaults_dpeg_ring,
          vaults_mumra_bighexcomb, hangedman_vaults_unwind, v_rooms_4,
          v_rooms_3, v_misc_26, v_misc_29, ontoclasm_vaults_ring_square,
          grunt_vaults_swirl, vaults_room_ringed_pool, v_misc_22,
          grunt_vaults_hallway_short, layout_vaults_omnibox
Vaults:2: nicolae_vaults_little_squares_3, ontoclasm_vaults_idyll,
          nicolae_vaults_asterisk, st_squares, minmay_crypt_entry_vampire_xt,
          hangedman_vaults_maws, nicolae_vaults_hallways_thing, v_rooms_1,
          v_misc_4, v_misc_13, ontoclasm_vaults_ligature,
          vaults_dpeg_encased_lava, nicolae_vaults_ring_of_whatevers,
          v_pattern_3, grunt_vaults_hallway_short, layout_vaults_ring,
          uniq_aizul
Vaults:3: v_alt_pattern_5, hangedman_vaults_restitches, v_misc_27,
          st_greater_box_5, ontoclasm_vaults_ring_square,
          grunt_vaults_hallway_short, nicolae_vaults_specimen_jars,
          nicolae_vaults_network_periphery,
          nicolae_vaults_windows_and_doors_thing, v_misc_22,
          hangedman_vaults_locks, layout_vaults_big_cross
Vaults:4: gammafunk_vaults_ghost_fury_of_okawaru, hangedman_vaults_corner,
          v_misc_33, v_misc_24, v_pattern_5, vaults_dpeg_hooks,
          nicolae_vaults_little_ls, nicolae_vaults_stairing_the_circle,
          layout_vaults_chaotic_city, serial_shops, nicolae_shop_statue_plus
Vaults:5: uniq_margery, uniq_mara, uniq_xtahua, uniq_mennas
Crypt:1:  layout_rooms, serial_glass, glass_columns_c, glass_columns_a,
          amcnicky_mini_pool_small
Crypt:2:  layout_misc_corridors, gammafunk_ghost_spectres, pandoras_box_mu
Crypt:3:  cryptofortress_bobbens
Depths:1: layout_long_grid, lightli_too_deep, serial_shops, shop,
          minmay_misc_feat_more_columns, nicolae_ru_awakened_eye,
          grunt_megastairs_3, minmay_shop_grove, uniq_nikola
Depths:2: cheibrodos_witchhunters_guild, layout_cave_shapes,
          grunt_hell_entry_dis_grunt, hangedman_abyss_entry_splay,
          nicolae_wu_jian_immortal_techniques, firewood_loft,
          minmay_staircase_statues_hall_small
Depths:3: grunt_twisty_corner, layout_gridville, good_gods_mini_temple,
          rand_demon_pan_entry_3, hangedman_coc_ice_floe,
          minmay_staircase_statues, uniq_frederick
Depths:4: minmay_central_circle, layout_cave_shapes, enter_ziggurat_e,
          hell_entry, pan_entry, minmay_misc_feat_rows,
          abyss_entry_small_statue_room, okawaru_altar_gauntlet_db, uniq_boris
Depths:5: grunt_zot_entry_bicorn, layout_cave_shapes,
          nicolae_tso_swordbearing_angel, hell_entry, minivault_16
Zot:1:    kennysheep_oblong_rooms, layout_cathedral_of_symmetry
Zot:2:    layout_misc_corridors
Zot:3:    layout_basic
Zot:4:    layout_onion_interference, ebering_ghost_reflecting_pool
Zot:5:    layout_onion

Skill      XL: |  1  2  3  4  5  6  7  8  9 10 11 12 13 14 15 16 17 18 19 20 21 22 23 24 25 26 27 |
---------------+----------------------------------------------------------------------------------+-----
Fighting       | 3 5 6 9 11 12 13 15 16 18 19 20 21 23 24 27 | 27.0
Axes           | 5 6 8 9 12 14 15 16 18 20 23 27 | 27.0
Armour         | 2 6 12 15 16 18 20 | 20.0
Invocations    | 3 6 11 12 14 15 16 18 20 23 24 25 27 | 27.0
Evocations     | 5 6 9 11 12 15 18 | 18.0
Throwing       | 5 6 8 9 13 | 13.0
Slings         | 8 9 11 12 | 12.8
Hexes          | 6 9 10 12 | 12.0
Shields        | 5 6 10 12 14 15 20 | 20.0
Dodging        | 6 9 12 | 12.6

Action                   |  1- 3 |  4- 6 |  7- 9 | 10-12 | 13-15 | 16-18 | 19-21 | 22-24 | 25-27 || total
-------------------------+-------+-------+-------+-------+-------+-------+-------+-------+-------++-------
Melee: War axe           |   114 |   116 |   368 |   442 |   234 |       |       |       |       ||  1274
       Dagger            |       |       |       |     2 |     3 |       |       |       |       ||     5
       Broad axe         |       |       |       |       |   393 |   800 |   888 |   828 |  1671 ||  4580
       Unarmed           |       |       |       |       |     3 |       |       |       |       ||     3
       Hand axe          |       |       |       |       |       |       |    97 |    77 |   195 ||   369
 Fire: Hunting sling     |       |    98 |   125 |   214 |   545 |   396 |   203 |   434 |   170 ||  2185
       Fustibalus        |       |       |       |       |       |       |       |       |   282 ||   282
Throw: Stone             |    64 |    18 |    10 |       |       |       |       |       |       ||    92
       Dart              |       |       |     2 |    48 |    21 |    90 |       |       |    32 ||   193
       Throwing net      |       |       |       |       |       |     1 |       |       |     1 ||     2
       Boomerang         |       |       |       |       |       |   111 |    65 |    44 |   164 ||   384
       Javelin           |       |       |       |       |       |       |       |       |     8 ||     8
 Cast: Slow              |       |       |       |       |    15 |    26 |     4 |    11 |    10 ||    66
       Confusing Touch   |       |       |       |       |       |       |     3 |     2 |     3 ||     8
Invok: Upheaval          |       |       |       |    12 |    12 |    26 |    13 |    21 |    31 ||   115
       Elemental Force   |       |       |       |       |     1 |     1 |       |       |       ||     2
       Disaster Area     |       |       |       |       |       |       |       |       |     4 ||     4
 Abil: Evoke Blink       |       |       |       |       |       |       |       |       |     2 ||     2
Evoke: Wand              |       |       |     7 |     8 |     2 |    47 |     4 |     2 |    25 ||    95
       Lightning rod     |       |       |       |       |       |       |       |       |     2 ||     2
       Box of beasts     |       |       |       |       |       |       |       |       |     2 ||     2
       Tin of tremorston |       |       |       |       |       |       |       |       |     3 ||     3
  Use: Scroll            |       |     7 |     4 |     9 |     9 |     7 |     5 |     6 |    33 ||    80
       Potion            |       |       |     1 |     5 |     3 |     9 |     4 |       |    15 ||    37
 Stab: Paralysed         |       |       |       |       |     2 |       |       |     5 |       ||     7
       Distracted        |       |       |       |       |       |       |       |     1 |       ||     1
       Confused          |       |       |       |       |       |       |       |     1 |     4 ||     5
Armor: Leather armour    |    41 |       |       |       |       |       |       |       |       ||    41
       Ring mail         |    18 |    50 |    23 |    86 |   280 |       |       |       |       ||   457
       Scale mail        |       |       |   119 |   125 |       |       |       |       |       ||   244
       Chain mail        |       |       |       |       |    65 |   456 |       |       |       ||   521
       Plate armour      |       |       |       |       |       |   263 |   337 |    50 |       ||   650
       Fire dragon scale |       |       |       |       |       |       |       |   192 |   199 ||   391
       Gold dragon scale |       |       |       |       |       |       |       |       |   585 ||   585
       Skin              |       |       |       |       |       |       |       |       |     8 ||     8
Dodge: Dodged            |    83 |    57 |   155 |   223 |   391 |   348 |   183 |   193 |   458 ||  2091
       Repelled          |       |       |       |     2 |     4 |     8 |     6 |    15 |    31 ||    66
Block: Other             |       |       |    29 |   113 |   237 |       |       |       |       ||   379
       Buckler           |       |       |       |       |    24 |   685 |    58 |       |       ||   767
       Kite shield       |       |       |       |       |       |       |   637 |   649 |  1879 ||  3165
       Reflection        |       |       |       |       |       |       |    50 |    59 |    16 ||   125
